 Dungeon Crawl Stone Soup version 0.31-a0-949-g57150269e1 (webtiles) character file.

Game seed: 9302160778493217835

5088 Zonian the Thaumaturge (level 10, -3/75 HPs)
             Began as a Deep Elf Hedge Wizard on Oct 22, 2023.
             Was an Initiate of Ashenzari.
             Shot with an arrow by a centaur (6 damage)
             ... on level 7 of the Dungeon.
             The game lasted 00:35:58 (13045 turns).

Zonian the Thaumaturge (Deep Elf Hedge Wizard)     Turns: 13045, Time: 00:35:59

Health: -3/75      AC: 25    Str:  7    XL:     10   Next: 31%
Magic:  25/25      EV:  2    Int: 24    God:    Ashenzari [......]
Gold:   1745       SH:  0    Dex: 14    Spells: 11/27 levels left

rFire   + + .        u - +3 rapier (spect)
rCold   + . .        (no shield)
rNeg    . . .        x - melded +1 robe "Fevirix" {Archmagi}
rPois   +            j - melded +2 helmet
rElec   +            F - melded +2 cloak
rCorr   +            d - melded +3 pair of gauntlets of War {Slay+5}
SInv    .            (boots currently unavailable)
Will    +....        k - amulet of magic regeneration
Stlth   ++           t - ring of protection from fire
HPRegen 0.32/turn    (no ring)
MPRegen 0.59/turn

%: no passive effects
@: tree-form, resistant, attractive
A: stationary, stasis, torment immunity, boosted hp
a: Renounce Religion


You were on level 7 of the Dungeon.
You worshipped Ashenzari.
Ashenzari was noncommittal.
You were a tree.
You visited 2 branches of the dungeon, and saw 9 of its levels.
You also visited: Sewer and Ossuary.

You collected 1745 gold pieces.

Inventory:

Hand Weapons
 a - a +0 dagger of protection
 g - a +0 vampiric dagger
 u - a +3 spectral rapier (weapon)
 w - a +2 quarterstaff of draining
Missiles
 h - 7 boomerangs
 n - 13 poisoned darts
 s - 3 throwing nets
Armour
 b - a +0 robe
 c - a +0 hat
 d - the +3 pair of gauntlets of War (melded) {Slay+5}
   (You acquired it on level 2 of the Dungeon)

   Slay+5:    It affects your accuracy & damage with ranged weapons and melee
   (+5).
 j - a +2 helmet (melded)
 m - a +1 pair of gloves
 x - the +1 robe "Fevirix" (melded) {Archmagi}
   (You found it on level 4 of the Dungeon)

   Archmagi:  It increases the power of your magical spells.
 D - an orb of wrath
 F - a +2 cloak (melded)
Jewellery
 k - an amulet of magic regeneration (around neck)
 t - a ring of protection from fire (left branch)
Wands
 r - a wand of charming (5)
 y - a wand of roots (16)
 z - a wand of quicksilver (7)
 G - a wand of flame (21)
Scrolls
 e - 4 scrolls of noise
 A - 3 scrolls of enchant armour
 B - a scroll of vulnerability
 C - a scroll of blinking
Potions
 f - 2 potions of enlightenment
 i - 2 potions of lignification
 l - 2 potions of haste
 q - 3 potions of might
 v - 3 potions of cancellation
 H - a potion of magic


   Skills:
 + Level 3.7 Short Blades
 - Level 3.3 Dodging
 - Level 3.5 Stealth
 + Level 9.2 Spellcasting
 + Level 6.6 Conjurations
 + Level 7.2 Hexes
 + Level 6.5 Summonings
 + Level 6.6 Translocations
 + Level 3.2 Ice Magic
 + Level 2.9 Air Magic
 + Level 3.3 Poison Magic


You had 11 spell levels left.
You knew the following spells:

 Your Spells              Type           Power      Damage    Failure   Level
a - Magic Dart            Conj           100%       1d8       1%          1
b - Blink                 Tloc           86%        N/A       1%          2
c - Call Imp              Summ           84%        N/A       1%          2
d - Slow                  Hex            100%       N/A       1%          1
e - Call Canine Familiar  Summ           42%        N/A       1%          3
f - Searing Ray           Conj           84%        2d7       1%          2
g - Mephitic Cloud        Conj/Pois/Air  31%        N/A       3%          3
h - Ensorcelled Hibernat  Hex/Ice        72%        N/A       1%          2

Your spell library contained the following spells:

 Spells                   Type           Power      Damage    Failure   Level
 Sigil of Binding         Hex            46%        N/A       1%          3
 Cigotuvi's Dreadful Rot  Necr/Pois/Air  42%        N/A       3%          2
 Dimensional Bullseye     Hex/Tloc       22%        N/A       3%          4
 Fulminant Prism          Conj/Hex       22%        3d12      3%          4
 Swiftness                Air            25%        N/A       5%          3
 Passwall                 Tmut/Erth      9%         N/A       9%          2
 Leda's Liquefaction      Hex/Erth       14%        N/A       13%         4


Dungeon Overview and Level Annotations

Branches:
Dungeon (8/15)             Temple (1/1) D:6           Sewer (visited)
Ossuary (visited)
   Lair: D:8-11

Altars:
Ashenzari
Cheibriados
Dithmenos
Elyvilon
Fedhas
Gozag
Hepliaklqana
Kikubaaqudgha
Makhleb
Okawaru
Qazlal
Ru
Trog
Uskayaw
Vehumet
Xom
Yredelemnul
The Shining One

Shops:
D:3 :[   D:6 *


Message History

The centaur kicks you but does no damage.
The jelly barely misses you.
The centaur hits you but does no damage.
The centaur kicks you but does no damage.
You catch the helpless centaur completely off-guard!
You puncture the centaur!
The centaur is almost dead.
Your +3 spectral rapier barely misses the centaur.
The centaur hits you but does no damage.
The centaur kicks you but does no damage.
The jelly hits you but does no damage.
Casting: Blink (safe; 1% risk of failure)
Confirm with . or Enter, or press ? or * to list all spells.
Okay, then.
Okay, then.
You puncture the jelly!
Your branches burn!
* * * LOW HITPOINT WARNING * * *
You punch the jelly.
The jelly is severely wounded.
Your +3 spectral rapier hits the jelly.
Your +3 spectral rapier is burned by acid!
Your spectral weapon shares its damage with you!
* * * LOW HITPOINT WARNING * * *
The centaur hits you.
* * * LOW HITPOINT WARNING * * *
The centaur kicks you but does no damage.
The jelly barely misses your +3 spectral rapier.
The centaur hits you but does no damage.
The centaur kicks you but does no damage.
Aiming: Quicksilver Bolt
Press: ? - help, Shift-Dir - straight line, f - centaur, p - centaur
Aim: a centaur (83% to hit)
The bolt of dispelling energy hits the jelly!
You kill the jelly!
The bolt of dispelling energy hits the centaur!
The centaur is heavily wounded.
Your +3 spectral rapier disappears.
The centaur wields a +0 shortbow.
The centaur shoots an arrow.
The arrow hits you.
You die...

......##........ #.......
.................# #..#....
#.$...............#.......< .
##.......................#..
#..##...............##.......#..
##.................###.....##...
#......>.......................#
#.........##..c..............##
.........###.c.♣.............#
.....)...##..###......<......#
##...#...###.# ##............#
#..###... ..# .........#..###
##. #... .## c.###...## ## #
#...). . ##... .. #... .## ....
..f.#


You could see 2 centaurs.

Vanquished Creatures
  Pikel (D:5)
  Prince Ribbit (D:5)
  Eustachio (D:5)
  Sigmund (D:4)
  A vampire (D:8)
  5 yaks (D:6)
  Menkaure (D:5)
  2 water moccasins
  An ice beast (D:6)
  An orc warrior (D:6)
  2 ogres (D:4)
  A centaur (D:8)
  2 elf zombies (Ossuary)
  A kobold brigand (Sewer)
  4 bullfrogs
  5 necrophages (D:6)
  2 scorpions
  8 wights (D:6)
  2 howler monkeys (D:8)
  2 centaur zombies
  2 human zombies
  3 orc priests
  2 hounds
  A jelly (D:7)
  Crazy Yiuf (D:5)
  Ijyb (D:5)
  7 iguanas
  A sleepcap (D:8)
  Terence (D:2)
  An orc wizard (D:5)
  A killer bee zombie (D:6)
  3 mummies
  16 gnolls
  A river rat (Sewer)
  17 adders
  3 worms
  A dart slug (D:4)
  16 orcs
  8 endoplasms
  3 giant cockroaches
  7 goblins
  7 hobgoblins
  7 jackals (Sewer)
  4 quokkas
  11 ball pythons
  2 bats
  7 frilled lizards
  4 goblin zombies (Ossuary)
  6 hobgoblin zombies (Ossuary)
  2 jackal zombies (Ossuary)
  11 kobolds
  13 kobold zombies (Ossuary)
  7 orc zombies (Ossuary)
  12 rats
  A rat zombie (Ossuary)
234 creatures vanquished.

Vanquished Creatures (collateral kills)
  An orc priest (D:8)
1 creature vanquished.

Vanquished Creatures (others)
  A sky beast (D:7)
1 creature vanquished.

Grand Total: 236 creatures vanquished

Notes
Turn   | Place    | Note
-------+----------+-------------------------------------------
     0 | D:1      | Zonian the Deep Elf Hedge Wizard began the quest for the
                  | Orb.
     0 | D:1      | Reached XP level 1. HP: 10/10 MP: 7/7
   250 | D:1      | Reached XP level 2. HP: 15/15 MP: 0/9
  2105 | D:2      | Reached XP level 3. HP: 9/19 MP: 3/11
  2732 | D:2      | Found a shadowy altar of Dithmenos.
  2938 | D:2      | Noticed Terence
  3045 | D:2      | Killed Terence
  3046 | D:2      | Reached skill level 5 in Spellcasting
  3046 | D:2      | Reached XP level 4. HP: 21/24 MP: 1/13
  3053 | D:2      | Identified a scroll of acquirement
  3054 | D:2      | Acquired the +3 pair of gauntlets of War {Slay+5}
  3054 | D:2      | Found the +3 pair of gauntlets of War {Slay+5}
  4371 | D:3      | Reached XP level 5. HP: 14/28 MP: 11/14
  4430 | D:3      | Learned a level 2 spell: Blink
  4433 | D:3      | Learned a level 2 spell: Call Imp
  4435 | D:3      | Learned a level 1 spell: Slow
  4483 | D:3      | Found a faded altar of an unknown god.
  4536 | D:3      | Found a glowing drain.
  4550 | Sewer    | Entered a sewer
  5290 | Sewer    | Reached skill level 1 in Hexes
  5773 | Sewer    | Reached XP level 6. HP: 27/32 MP: 10/16
  6584 | D:3      | Found Teodoan's Armour Shoppe.
  6985 | D:3      | Found Hygokam's Vocational Training.
  7202 | D:3      | Found an opulent altar of Gozag.
  7202 | D:3      | Found a blossoming altar of Fedhas.
  7578 | D:4      | Found a hazy altar of Hepliaklqana.
  7591 | D:4      | Reached skill level 6 in Spellcasting
  7597 | D:4      | Reached XP level 7. HP: 28/36 MP: 16/18
  7770 | D:4      | Identified the +1 robe "Fevirix" {Archmagi}
  7996 | D:4      | Noticed Sigmund
  8289 | D:4      | Killed Sigmund
  8504 | D:5      | Entered Level 5 of the Dungeon
  8536 | D:5      | Found a runed translucent door.
  8558 | D:5      | Noticed Ijyb
  8567 | D:5      | Killed Ijyb
  8641 | D:5      | Found a sand-covered staircase.
  8696 | D:5      | Noticed Pikel
  8707 | D:5      | Killed Pikel
  8708 | D:5      | Reached skill level 7 in Spellcasting
  8708 | D:5      | Reached skill level 5 in Translocations
  8708 | D:5      | Reached XP level 8. HP: 20/41 MP: 21/21
  8840 | Ossuary  | Entered an ossuary
  9186 | Ossuary  | Reached skill level 5 in Hexes
  9198 | Ossuary  | Reached skill level 5 in Conjurations
  9198 | Ossuary  | Reached skill level 5 in Summonings
  9202 | Ossuary  | Learned a level 3 spell: Call Canine Familiar
  9405 | D:5      | Noticed Eustachio
  9446 | D:5      | Killed Eustachio
  9447 | D:5      | Reached skill level 1 in Short Blades
  9554 | D:5      | Noticed Prince Ribbit
  9562 | D:5      | Killed Prince Ribbit
  9563 | D:5      | Reached skill level 8 in Spellcasting
  9563 | D:5      | Reached XP level 9. HP: 44/45 MP: 21/23
  9565 | D:5      | Found a radiant altar of Vehumet.
  9638 | D:5      | Learned a level 2 spell: Searing Ray
  9686 | D:5      | Learned a level 3 spell: Mephitic Cloud
  9689 | D:5      | Learned a level 2 spell: Ensorcelled Hibernation
  9749 | D:5      | Noticed Menkaure
  9756 | D:5      | Killed Menkaure
 10003 | D:5      | Noticed Crazy Yiuf
 10182 | D:5      | Killed Crazy Yiuf
 10358 | D:6      | Reached skill level 1 in Ice Magic
 10358 | D:6      | Reached skill level 1 in Air Magic
 10358 | D:6      | Reached skill level 1 in Poison Magic
 10854 | D:6      | Found Buid's General Store.
 11364 | D:6      | Reached XP level 10. HP: 50/50 MP: 24/24
 11498 | D:6      | Found a staircase to the Ecumenical Temple.
 11555 | Temple   | Entered the Ecumenical Temple
 11585 | Temple   | Became a worshipper of Ashenzari the Shackled
 11787 | D:6      | Reached skill level 9 in Spellcasting
 11976 | D:6      | Found an ancient bone altar of Kikubaaqudgha.
 12277 | D:7      | You fall into a shaft and drop 1 floor!
 12740 | D:8      | HP: 1/50 [orc priest/divine providence (15)]
 12976 | D:8      | Acquired 1371 gold pieces
 13000 | D:8      | Found a basalt altar of Yredelemnul.
 13044 | D:7      | HP: 3/75 [jelly (2)]
 13045 | D:7      | Shot with an arrow by a centaur

Illustrated notes

Levels and vault maps discovered:
D:1:      saegor_arrival_fortress, layout_loops_ring
D:2:      minmay_door_path, layout_loops_corners, basic_altar, uniq_terence
D:3:      layout_basic, nicolae_overflow_two_pavilions,
          shapermc_ecumenical_altar_hornbeckon, serial_shops, shop,
          portal_sewer_entry_b, nicolae_shop_vocational
D:4:      minmay_general_purpose_star, layout_cave_pools,
          mainiacjoe_overflow_small_starburst, chequers_serial_rivers_micro_d,
          nicolae_tricolors, uniq_sigmund
D:5:      layout_loops_cross, mainiacjoe_overflow_surrounded_room,
          nicolae_ossuary_entry_false_entrances, kennysheep_nub,
          kennysheep_generic_room_3, uniq_ijyb, uniq_menkaure,
          uniq_crazy_yiuf_cottage, uniq_eustachio, uniq_pikel,
          uniq_prince_ribbit1
D:6:      layout_basic, lemuel_mausoleum_altar_kikubaaqudgha,
          minmay_temple_entry_poolview, serial_shops, shop,
          nicolae_kite_square_tiling_tiny
D:7:      layout_cave_pools, mainiacjoe_overflow_tiny_flanked,
          gammafunk_ghost_icy
D:8:      layout_rooms, yredelemnul_forgotten_temple_becter
Temple:   hellmonk_temple_forest_ring

Skill      XL: |  1  2  3  4  5  6  7  8  9 10 |
---------------+-------------------------------+-----
Stealth        | 3 |  3.5
Dodging        | 3 |  3.3
Translocations | 2 3 5 6 |  6.6
Spellcasting   | 5 6 7 8 9 |  9.2
Summonings     | 2 3 4 5 6 |  6.5
Conjurations   | 2 3 4 5 6 |  6.6
Hexes          | 1 2 4 5 6 7 |  7.2
Short Blades   | 1 3 |  3.7
Ice Magic      | 2 3 |  3.2
Air Magic      | 2 |  2.9
Poison Magic   | 2 3 |  3.3

Action                     |  1- 3 |  4- 6 |  7- 9 | 10-12 || total
---------------------------+-------+-------+-------+-------++-------
  Melee: Dagger            |    11 |    21 |       |       ||    32
         Rapier            |       |    19 |   190 |    78 ||   287
         Punch             |       |     2 |     3 |     6 ||    11
  Throw: Boomerang         |       |    11 |       |       ||    11
         Dart              |       |     5 |     4 |       ||     9
         Throwing net      |       |       |     2 |       ||     2
   Cast: Magic Dart        |   122 |   169 |   180 |    14 ||   485
         Blink             |       |     1 |     2 |     2 ||     5
         Slow              |       |       |     1 |       ||     1
         Mephitic Cloud    |       |       |     2 |     1 ||     3
         Call Canine Famil |       |       |       |     1 ||     1
  Evoke: Wand              |       |       |     5 |     3 ||     8
    Use: Potion            |     2 |     1 |       |     7 ||    10
         Scroll            |     1 |    10 |    13 |     3 ||    27
   Stab: Sleeping          |       |     5 |     4 |     1 ||    10
         Distracted        |       |       |     3 |       ||     3
         Held in net/web   |       |       |     2 |       ||     2
         Confused          |       |       |     1 |     1 ||     2
 Armour: Robe              |    13 |    40 |   101 |    62 ||   216
         Skin              |    25 |    25 |       |    14 ||    64
  Dodge: Dodged            |    17 |    58 |   125 |    48 ||   248

Table legend: (Time is in decaauts)
 A = Elapsed time spent in this place.
 B = Non-inter-level travel time spent in this place.
 C = Inter-level travel time spent in this place.
 D = Time resting spent in this place.
 E = Time spent auto-exploring this place.
 F = Levels seen in this place.
 G = Mean time per level.
                   A        B        C        D        E       F      G
               +--------+--------+--------+--------+--------+-----+--------+
         Total |  13249 |  12931 |    318 |   5525 |   5108 |  11 | 1204.5 |
       Dungeon |  10828 |  10521 |    307 |   4235 |   4444 |   8 | 1353.5 |
        Temple |     41 |     30 |     11 |      0 |     18 |   1 |   41.0 |
         Sewer |   1850 |   1850 |      0 |   1080 |    530 |   1 | 1850.0 |
       Ossuary |    529 |    529 |      0 |    210 |    115 |   1 |  529.0 |
               +--------+--------+--------+--------+--------+-----+--------+

Top non-repeatable levels by time:
     D:2: 2394 daAuts
     D:1: 1973 daAuts
     D:6: 1946 daAuts
   Sewer: 1850 daAuts
     D:3: 1434 daAuts
     D:5: 1250 daAuts
     D:4: 1027 daAuts
     D:8: 733 daAuts
 Ossuary: 529 daAuts
     D:7: 67 daAuts
  Temple: 41 daAuts
